 Dungeon Crawl Stone Soup version 0.30-a0-632-g346586fe48 (webtiles) character file.

Game seed: 9353649774035810555

9116 acebull12 the Cleaver (level 11, -4/81 HPs)
             Began as a Demonspawn Gladiator on Jan 13, 2023.
             Was a High Priest of Okawaru.
             Slain by a two-headed ogre
             ... wielding a +0 giant club
              (11 damage)
             ... on level 10 of the Dungeon.
             The game lasted 00:28:33 (12773 turns).

acebull12 the Cleaver (Demonspawn Gladiator)       Turns: 12773, Time: 00:28:34

Health: -4/81      AC:  9    Str: 17    XL:     11   Next: 18%
Magic:  0/16       EV: 16    Int: 12    God:    Okawaru [*****.]
Gold:   576        SH:  9    Dex: 14    Spells: 15/17 levels left

rFire   . . .      SeeInvis .    P - +0 broad axe (elec)
rCold   . . .      Faith    .    J - +0 kite shield
rNeg    + . .      Spirit   +    b - +0 leather armour
rPois   .          Reflect  .    c - +0 helmet
rElec   .          Harm     .    z - +0 cloak
rCorr   .          Rampage  .    g - +0 pair of gloves
Will    .....                    (no boots)
Stlth   ++                       B - amulet of magic regeneration
HPRegen 0.33/turn                w - ring of positive energy
MPRegen 0.70/turn                D - +5 ring of evasion

@: no status effects
A: claws 1, thin metallic scales 1, spiny 2, magic shield, magic regeneration
a: Renounce Religion, Heroism, Finesse, Duel


You were on level 10 of the Dungeon.
You worshipped Okawaru.
Okawaru was extremely pleased with you.
You visited 2 branches of the dungeon, and saw 11 of its levels.

You collected 576 gold pieces.

Inventory:

Hand Weapons
 P - a +0 broad axe of electrocution (weapon)
Missiles
 e - a javelin
 v - 63 stones
 A - 9 poisoned darts (quivered)
Armour
 b - a +0 leather armour (worn)
 c - a +0 helmet (worn)
 g - a +0 pair of gloves (worn)
 z - a +0 cloak (worn)
 J - a +0 kite shield (worn)
Jewellery
 w - a ring of positive energy (left hand)
 B - an amulet of magic regeneration (around neck)
 D - a +5 ring of evasion (right hand)
 N - a ring of fire
Wands
 r - a wand of paralysis (10)
 x - a wand of iceblast (25)
 L - a wand of flame (30)
 M - a wand of mindburst (16)
Scrolls
 a - 2 scrolls of identify
 d - 3 scrolls of vulnerability
 f - a scroll of silence {unknown}
 h - 5 scrolls of teleportation
 l - 3 scrolls of blinking
 m - a scroll of torment {unknown}
 p - a scroll of enchant armour {unknown}
 u - 3 scrolls of noise {unknown}
 y - 4 scrolls of fog
 C - 4 scrolls of poison
 F - 2 scrolls of brand weapon {unknown}
 H - 2 scrolls of enchant weapon {unknown}
 K - 2 scrolls of fear {unknown}
Potions
 i - a potion of attraction {unknown}
 j - 2 potions of haste {unknown}
 k - 4 potions of heal wounds
 n - 4 potions of brilliance
 o - 4 potions of mutation
 q - 2 potions of lignification
 s - 3 potions of cancellation {unknown}
 t - 2 potions of berserk rage {unknown}
 E - 4 potions of curing
 G - 4 potions of invisibility
 I - a potion of flight {unknown}
 O - a potion of degeneration {unknown}
Miscellaneous
 Q - a lightning rod (4/4)


   Skills:
 * Level 6.2 Fighting
 * Level 10.0 Axes
 + Level 2.1 Throwing
 * Level 5.3 Armour
 + Level 4.5 Dodging
 + Level 2.0 Stealth
 * Level 4.7 Shields
 * Level 3.6 Spellcasting
 * Level 4.6 Conjurations
 * Level 4.1 Air Magic
 * Level 4.1 Invocations


You had 15 spell levels left.
You knew the following spells:

 Your Spells              Type           Power      Damage    Failure   Level
a - Static Discharge      Conj/Air       24%        2-3/arc   21%         2

Your spell library contained the following spells:

 Spells                   Type           Power      Damage    Failure   Level
 Kiss of Death            Conj/Necr      28%        2d7       30%         1
 Swiftness                Air            12%        N/A       41%         3
 Apportation              Tloc           4%         N/A       63%         1
 Necrotise                Necr           8%         1d4       63%         1
 Blink                    Tloc           4%         N/A       77%         2
 Ensorcelled Hibernation  Hex/Ice        4%         N/A       77%         2
 Kindle Blastsparks       Fire/Tloc/Air  10%        2d10      80%         3
 Confusing Touch          Hex            2%         N/A       94%         3
 Ignite Poison            Fire/Tmut/Pois 2%         N/A       94%         3
 Inner Flame              Hex/Fire       2%         N/A       94%         3
 Spider Form              Tmut/Pois      2%         N/A       94%         3
 Flame Wave               Conj/Fire      7%         2d5       97%         4
 Sticky Flame             Conj/Fire      7%         2d3       97%         4
 Iskenderun's Battlesphe  Conj           13%        2d7       97%         5
 Anguish                  Hex/Necr       1%         N/A       100%        4
 Dispel Undead            Necr           2%         3d7       100%        4
 Manifold Assault         Tloc           2%         N/A       100%        4
 Fireball                 Conj/Fire      3%         3d4       100%        5
 Freezing Cloud           Conj/Ice/Air   4%         6-21      100%        5
 Conjure Ball Lightning   Conj/Air       6%         3x3d6     100%        6
 Orb of Destruction       Conj           6%         9d6       100%        7
 Storm Form               Tmut/Air       3%         N/A       100%        7
 Summon Small Mammal      Summ           Unusable   N/A       N/A         1
 Animate Armour           Summ/Erth      Unusable   N/A       N/A         4

Dungeon Overview and Level Annotations

Branches:
Dungeon (10/15)            Temple (1/1) D:4            Lair (0/5) D:10
    Orc: D:9-12

Altars:
Ashenzari
Cheibriados
Dithmenos
Fedhas
Gozag
Hepliaklqana
Kikubaaqudgha
Makhleb
Nemelex Xobeh
Okawaru
Qazlal
Ru
Sif Muna
Trog
Uskayaw
Vehumet
Wu Jian
Xom
Yredelemnul

Shops:
D:6 (

Annotations:
D:4 2 transporters, Heh's ghost, amateur OpHW
D:6 2 transporters, Menkaure
D:8 3 runed translucent doors, wormed's ghost, novice OpTm


Innate Abilities, Weirdness & Mutations

You have sharp fingernails.
You are partially covered in thin metallic scales. (AC +2)
You are mostly covered in sharp spines.
When hurt, damage is shared between your health and your magic reserves.
You regenerate magic rapidly.


Message History

The two-headed ogre is lightly wounded.
Throw: 10 darts (poison)
Press: ? - help, Q - select action, (/) - cycle Shift-Dir - straight line, f/p - two-headed ogre
Aim: a two-headed ogre, wielding a +0 giant club and a +0 giant spiked club (lightly wounded, poisoned, 77% to hit)
You throw a poisoned dart.
The poisoned dart hits the two-headed ogre.
The two-headed ogre is lightly wounded.
You barely miss the two-headed ogre.
The two-headed ogre is lightly wounded.
The two-headed ogre looks more healthy.
The two-headed ogre is struck by your spines.
The two-headed ogre barely misses you. x2
You hit the two-headed ogre but do no damage.
Lightning courses through the two-headed ogre!!
The two-headed ogre is heavily wounded.
The two-headed ogre is struck by your spines.
The two-headed ogre closely misses you. You block the two-headed ogre's attack.
You barely miss the two-headed ogre.
The two-headed ogre is heavily wounded.
The two-headed ogre is struck by your spines.
The two-headed ogre hits you with a +0 giant club!!
The two-headed ogre hits you with a +0 giant spiked club!!
You closely miss the two-headed ogre.
The two-headed ogre is heavily wounded.
You block the two-headed ogre's attack.
The two-headed ogre hits you with a +0 giant spiked club.
You barely miss the two-headed ogre.
The two-headed ogre is heavily wounded.
The two-headed ogre closely misses you. The two-headed ogre misses you.
You completely miss the two-headed ogre.
The two-headed ogre is heavily wounded.
You slash the two-headed ogre!
The two-headed ogre is severely wounded.
The two-headed ogre hits you with a +0 giant club!!
The two-headed ogre hits you with a +0 giant spiked club!!
* * * LOW HITPOINT WARNING * * *
You slash the two-headed ogre!
The two-headed ogre is almost dead.
The two-headed ogre hits you with a +0 giant club!
You die...

............#........########..##
............#........#.....##..##
............#.....##.#.......^.##
......>.....#........#.........##
#############.....)[.#####.##.###
.........# ##....)......#.##.#..
##...##..# #.##........#....'.#
##...##..# #.....<.....#....#.#
.....##..# #..@..#)....#....#.#
.....##..# #.O...#.....#....#..
.........#####(..........####+#..
#####.........######'########....
#.#.......#.............#....
#.........#.............#..#.
#.........#########.#####....
####.....## #.######..[ #.....#
#......#...


You could see a two-headed ogre.

Vanquished Creatures
  Josephine (D:10)
  A two-headed ogre (D:10)
  Prince Ribbit (D:6)
  2 hornets
  Sigmund (D:4)
  A wyvern (D:9)
  9 wraiths
  12 yaks (D:10)
  2 water moccasins
  3 sky beasts
  4 orc warriors
  2 black bears
  2 ogres
  A centaur (D:9)
  3 phantoms
  2 kobold brigands
  2 necrophages
  3 bullfrogs
  2 scorpions
  2 gnoll sergeants (D:6)
  9 wights
  13 killer bees
  A jelly (D:6)
  5 orc priests
  A hound (D:6)
  Natasha (thrice) (D:4)
  7 orc wizards
  11 gnolls
  7 adders
  3 white imps
  3 worms
  A dart slug (D:4)
  35 orcs
  7 bats
  2 endoplasms
  3 giant cockroaches
  5 goblins
  3 hobgoblins
  3 jackals (D:2)
  16 kobolds
  3 ball pythons
  4 frilled lizards
  5 rats
206 creatures vanquished.

Notes
Turn   | Place    | Note
-------+----------+-------------------------------------------
     0 | D:1      | acebull12 the Demonspawn Gladiator began the quest for the
                  | Orb.
     0 | D:1      | Reached XP level 1. HP: 16/16 MP: 1/1
   206 | D:1      | Reached skill level 3 in Axes
   256 | D:1      | Gained mutation: You are partially covered in thin metallic
                  | scales. (AC +2) [demonic ancestry]
   256 | D:1      | Reached XP level 2. HP: 22/22 MP: 2/2
   822 | D:2      | Reached XP level 3. HP: 17/27 MP: 3/3
  1438 | D:2      | Reached skill level 1 in Armour
  1523 | D:2      | Gained mutation: You have sharp fingernails. [demonic
                  | ancestry]
  1523 | D:2      | Reached XP level 4. HP: 33/33 MP: 4/4
  1587 | D:2      | Found a snail-covered altar of Cheibriados.
  2177 | D:3      | Got Baeleco's Collected Works on the Galvanic Congregation
  2591 | D:4      | Noticed an ogre
  2596 | D:4      | Noticed Natasha
  2600 | D:4      | Killed an ogre
  2601 | D:4      | Reached skill level 4 in Axes
  2601 | D:4      | Reached XP level 5. HP: 13/39 MP: 5/5
  2711 | D:4      | Killed Natasha
  2735 | D:4      | Noticed Sigmund
  2772 | D:4      | Killed Sigmund
  2773 | D:4      | Reached skill level 5 in Axes
  2773 | D:4      | Reached XP level 6. HP: 14/46 MP: 6/6
  2936 | D:4      | Noticed Natasha
  2945 | D:4      | Killed Natasha
  3039 | D:4      | Found a transporter.
  3040 | D:4      | Noticed Natasha
  3052 | D:4      | Killed Natasha
  3094 | D:4      | Noticed Heh's ghost (amateur OpHW)
  3125 | D:4      | Found a transporter.
  3445 | D:4      | Found a staircase to the Ecumenical Temple.
  3459 | Temple   | Entered the Ecumenical Temple
  3566 | Temple   | Became a worshipper of Warmaster Okawaru
  3765 | D:5      | Entered Level 5 of the Dungeon
  3789 | D:5      | Gained mutation: You regenerate magic rapidly. [demonic
                  | ancestry]
  3789 | D:5      | Reached XP level 7. HP: 13/52 MP: 7/7
  3946 | D:4      | Learned a level 2 spell: Static Discharge
  4046 | D:5      | Reached skill level 6 in Axes
  4164 | D:5      | Found a broken altar of Ashenzari.
  4366 | D:5      | Reached * piety under Okawaru
  4933 | D:5      | Reached skill level 1 in Spellcasting
  4933 | D:5      | Reached skill level 1 in Conjurations
  5219 | D:6      | Found Verinoanio's Antique Weapon Shop.
  5244 | D:6      | Gained mutation: When hurt, damage is shared between your
                  | health and your magic reserves. [demonic ancestry]
  5244 | D:6      | Reached XP level 8. HP: 58/58 MP: 9/9
  5269 | D:6      | Reached skill level 1 in Air Magic
  5504 | D:6      | Found a transporter.
  5521 | D:6      | Reached skill level 7 in Axes
  5521 | D:6      | Reached skill level 1 in Stealth
  5597 | D:6      | Found a transporter.
  5597 | D:6      | Found a basalt altar of Yredelemnul.
  5599 | D:6      | Noticed Menkaure
  5607 | D:6      | Found an ancient bone altar of Kikubaaqudgha.
  5894 | D:6      | Reached ** piety under Okawaru
  7197 | D:7      | Gained mutation: You are partially covered in sharp spines.
                  | [demonic ancestry]
  7197 | D:7      | Reached XP level 9. HP: 46/65 MP: 11/11
  7399 | D:7      | Noticed Prince Ribbit
  7414 | D:6      | Reached skill level 1 in Shields
  7475 | D:6      | Reached skill level 8 in Axes
  7580 | D:6      | Killed Prince Ribbit
  7845 | D:7      | Found a hazy altar of Hepliaklqana.
  8232 | D:8      | Reached *** piety under Okawaru
  8354 | D:8      | Found a runed translucent gate.
  8355 | D:8      | Found a runed translucent gate.
  8356 | D:8      | Found a runed translucent gate.
  8356 | D:8      | Noticed wormed's ghost (novice OpTm)
  8410 | D:8      | Found a burning altar of Makhleb.
  8411 | D:8      | Found an opulent altar of Gozag.
  8411 | D:8      | Found a sparkling altar of Nemelex Xobeh.
  8507 | D:8      | Found a hide-covered altar of Uskayaw.
  8507 | D:8      | Found a blossoming altar of Fedhas.
  8508 | D:8      | Found an ornate altar of the Wu Jian Council.
  8667 | D:8      | Found a bloodstained altar of Trog.
  8723 | D:7      | Reached skill level 1 in Invocations
 10058 | D:9      | Reached **** piety under Okawaru
 10059 | D:9      | Reached XP level 10. HP: 58/73 MP: 12/14
 10184 | D:9      | Paralysed by a hornet for 2 turns
 10414 | D:9      | Reached skill level 9 in Axes
 10707 | D:9      | Reached skill level 5 in Fighting
 10708 | D:9      | Found a shimmering altar of Xom.
 10740 | D:9      | Found a radiant altar of Vehumet.
 10790 | D:10     | Entered Level 10 of the Dungeon
 10967 | D:10     | Paralysed by a hornet for 3 turns
 11274 | D:10     | Noticed a two-headed ogre
 11296 | D:10     | Killed a two-headed ogre
 11517 | D:10     | Reached ***** piety under Okawaru
 11518 | D:10     | Reached skill level 5 in Armour
 11534 | D:10     | Received a gift from Okawaru
 12100 | D:10     | Found a staircase to the Lair.
 12183 | D:10     | Gained mutation: You are mostly covered in sharp spines.
                  | [demonic ancestry]
 12183 | D:10     | Reached XP level 11. HP: 52/81 MP: 16/16
 12345 | D:10     | Noticed Josephine
 12380 | D:10     | Killed Josephine
 12399 | D:10     | Reached skill level 10 in Axes
 12742 | D:10     | Noticed a two-headed ogre
 12773 | D:10     | Slain by a two-headed ogre

Illustrated notes

Levels and vault maps discovered:
D:1:      mrwooster_arrival_statue_3, layout_loops_cross
D:2:      layout_loops_ring, basic_altar, minivault_5
D:3:      layout_basic
D:4:      layout_cave_pools, minmay_temple_entry_poolview,
          gammafunk_ghost_arena, uniq_natasha, uniq_sigmund
D:5:      layout_basic, amcnicky_altar_gilded, overflow_temple_1_default,
          minmay_misc_feat_iff, supply_closet_lemuel, minmay_misc_feat_roman,
          serial_bayou_pond_d, grunt_ministairs_4
D:6:      layout_basic, gammafunk_temple_of_torment, serial_shops,
          nicolae_shop_advertising_works [nicolae_subvault_shop_adworks]
D:7:      layout_loops_ring, mainiacjoe_overflow_brackets, uniq_menkaure,
          uniq_prince_ribbit1
D:8:      layout_layer_cave, grunt_temple_overflow_open, old_standard_altar,
          ebering_ghost_rock_garden
D:9:      layout_rooms, mainiacjoe_overflow_swirl
D:10:     layout_stronghold, lair_entry_dummy, uniq_josephine
Temple:   nicolae_temple_two_arcs

Skill      XL: |  1  2  3  4  5  6  7  8  9 10 11 |
---------------+----------------------------------+-----
Axes           | 3 4 5 6 7 8 9 10 | 10.0
Dodging        | 3 4 |  4.5
Armour         | 1 2 3 4 5 |  5.3
Throwing       | 2 |  2.1
Fighting       | 3 4 6 |  6.2
Spellcasting   | 1 3 |  3.6
Conjurations   | 2 3 4 |  4.6
Air Magic      | 2 3 4 |  4.1
Stealth        | 1 2 |  2.0
Shields        | 3 4 |  4.7
Invocations    | 1 3 4 |  4.1

Action                   |  1- 3 |  4- 6 |  7- 9 | 10-12 || total
-------------------------+-------+-------+-------+-------++-------
Melee: War axe           |    75 |   130 |   479 |   127 ||   811
       Punch             |       |     3 |     5 |       ||     8
       Broad axe         |       |       |       |    85 ||    85
Throw: Stone             |    16 |       |       |       ||    16
       Throwing net      |     1 |     1 |     1 |       ||     3
       Dart              |       |       |       |     6 ||     6
  Use: Scroll            |       |       |     7 |     4 ||    11
 Stab: Sleeping          |     2 |       |     3 |     1 ||     6
       Held in net/web   |     1 |       |     1 |       ||     2
Armor: Leather armour    |    28 |    52 |   161 |    31 ||   272
Dodge: Dodged            |    60 |    77 |   373 |   118 ||   628
Block: Kite shield       |       |       |   155 |   102 ||   257

Table legend: (Time is in decaauts)
 A = Elapsed time spent in this place.
 B = Non-inter-level travel time spent in this place.
 C = Inter-level travel time spent in this place.
 D = Time resting spent in this place.
 E = Time spent auto-exploring this place.
 F = Levels seen in this place.
 G = Mean time per level.
                   A        B        C        D        E       F      G
               +--------+--------+--------+--------+--------+-----+--------+
         Total |  13082 |  12120 |    962 |   2542 |   6784 |  11 | 1189.3 |
       Dungeon |  12965 |  12003 |    962 |   2542 |   6723 |  10 | 1296.5 |
        Temple |    116 |    116 |      0 |      0 |     61 |   1 |  116.0 |
               +--------+--------+--------+--------+--------+-----+--------+

Top non-repeatable levels by time:
     D:6: 2119 daAuts
    D:10: 1962 daAuts
     D:8: 1512 daAuts
     D:5: 1501 daAuts
     D:2: 1134 daAuts
     D:9: 1062 daAuts
     D:3: 1040 daAuts
     D:4: 922 daAuts
     D:7: 893 daAuts
     D:1: 815 daAuts
  Temple: 116 daAuts
